 Dungeon Crawl Stone Soup version 0.25-a0-875-geaba134f46 (webtiles) character file.

Game seed: 9607396884088599519, levelgen mode: classic

203 EnegeticOcto the Slasher (level 5, -2/37 HPs)
             Began as an Octopode Fighter on May 1, 2020.
             Was a Follower of Uskayaw.
             Slain by an orc
             ... wielding a +2 flail of protection
              (10 damage)
             ... on level 4 of the Dungeon.
             The game lasted 00:01:39 (3413 turns).

EnegeticOcto the Slasher (Octopode Fighter)         Turns: 3413, Time: 00:01:39

Health: -2/37      AC:  1    Str: 17    XL:     5   Next: 81%
Magic:  6/6        EV: 11    Int: 10    God:    Uskayaw [*.....]
Gold:   164        SH: 10    Dex: 11    Spells: 4/4 levels left

rFire    . . .     SeeInvis .   a - +1 long sword
rCold    . . .     Gourm    .   b - +1 kite shield
rNeg     . . .     Faith    .   (helmet restricted)
rPois    .         Spirit   .   u - amulet of the acrobat
rElec    .         Reflect  .   (no ring)
rCorr    +         Harm     .   s - ring of resist corrosion
MR       .....                  (no ring)
Stlth    ++........             (no ring)
HPRegen  0.12/turn              (no ring)
MPRegen  0.10/turn              (no ring)
                                (no ring)
                                (no ring)

@: no status effects
A: almost no armour, stealthy swim, amphibious, 8 rings, constrict 8, camouflage
1, gelatinous body 1
a: Stomp, Renounce Religion


You were on level 4 of the Dungeon.
You worshipped Uskayaw.
Uskayaw was noncommittal.
You were not hungry.

You visited 1 branch of the dungeon, and saw 4 of its levels.

You collected 164 gold pieces.

Inventory:

Hand Weapons
 a - a +1 long sword (weapon)
Armour
 b - a +1 kite shield (worn)
Jewellery
 i - an uncursed ring of fire
 s - a ring of resist corrosion (right tentacle)
 u - an amulet of the acrobat (around mantle)
Wands
 l - a wand of polymorph (10)
Scrolls
 c - a scroll of blinking {@r3}
 d - 2 scrolls of enchant weapon
 g - a scroll of teleportation {unknown}
 j - a scroll of remove curse {@r6}
Potions
 f - 2 potions of curing {unknown}
 k - a potion of might {@q3}
 n - a potion of magic {unknown}
 p - a potion of mutation {unknown}
 q - a potion of stabbing {unknown}
 t - a potion of heal wounds {unknown}
Comestibles
 e - 5 rations


   Skills:
 + Level 3.9 Fighting
 * Level 4.1 Long Blades
 - Level 3.0 Dodging
 + Level 3.9 Shields
 + Level 1.5 Invocations


You had 4 spell levels left.
You didn't know any spells.
Your spell library was empty.

Dungeon Overview and Level Annotations

Branches:
Dungeon (4/15)
 Temple: D:4-7

Altars:
Sif Muna
Uskayaw
Yredelemnul


Innate Abilities, Weirdness & Mutations

You cannot wear most types of armour.
You are very stealthy in the water. (Stealth+)
You are amphibious.
You can wear up to eight rings at the same time.
You can use your tentacles to constrict eight enemies at once.
Your skin changes colour to match your surroundings (Stealth+).
Your rubbery body absorbs attacks. (AC +1, EV +1)


Message History

* * * LOW HITPOINT WARNING * * *
Blork the orc closely misses you.
You hit Blork the orc.
Blork the orc is almost dead.
You constrict Blork the orc.
Blork the orc gestures at you while chanting.
The puff of frost hits you!
* * * LOW HITPOINT WARNING * * *
You hit Blork the orc but do no damage. You squeeze Blork the orc.
You kill Blork the orc!
Your Long Blades skill increases to level 4!
Things that are here:
a +0 dire flail; a +2 robe of magic resistance; the orc corpse of Blork the orc You can no longer pass through a line of other dancers.
Magic restored.
You are feeling hungry.
You are feeling very hungry.
Found a shimmering blue altar of Sif Muna.
There is an escape hatch in the floor here.
Found a faded altar of an unknown god.
You are near starving!
You open the door.
There is an open door here.
Done exploring.
Done exploring.
Done exploring.
You eat one of the 6 rations.
That ration really hit the spot!
(D) Dungeon
Where to? (Enter - D:3, ? - help)
There is an open door here.
There is a stone staircase leading down here.
You climb downwards.
Found a long glass wand, 21 sling bullets, a leather armour and 9 gold pieces.
Found an escape hatch in the ceiling.
Found a stone staircase leading up.
There is a stone staircase leading up here.
You now have 164 gold pieces (gained 9).
An orc comes into view. It is wielding a +0 short sword.
An orc is nearby!
The orc shouts!
You hear a shout!
Found a scroll labeled JIWOPE FUQASO.
Found 8 gold pieces.
You barely miss the orc. Your grab misses the orc.
An orc comes into view.
The orc misses you.
You riposte.
The orc shouts!
You hit the orc. Your grab misses the orc.
The orc is heavily wounded.
You hear a shout!
You closely miss the orc. Your grab misses the orc.
Your squeeze misses the orc.
The orc is heavily wounded.
You block the orc's attack.
You barely miss the orc. You grab the orc.
You squeeze the orc, but do no damage.
The orc is heavily wounded.
You constrict the orc.
An orc wizard comes into view. It is wielding a -2 dagger.
The orc misses you. The orc closely misses you.
You hit the orc.
You kill the orc!
You barely miss the orc. Your grab misses the orc.
An orc comes into view.
It is wielding a +2 flail of protection.
An orc comes into view. It is wielding a +0 hand axe.
The orc shouts!
You hit the orc. Your grab misses the orc.
The orc is lightly wounded.
The orc hits you.
The orc wizard points at you and mumbles some strange words.
The puff of flame hits you!
There are monsters nearby!
There are monsters nearby!
There are monsters nearby!
You completely miss the orc. Your grab misses the orc. You squeeze the orc.
The orc is severely wounded.
The orc misses you.
You riposte.
You hit the orc but do no damage. Your grab misses the orc.
The orc is severely wounded.
The orc wizard casts a spell at you. The puff of flame hits you!
* * * LOW HITPOINT WARNING * * *
You block the orc's attack.
You are too injured to fight recklessly!
You are too injured to fight recklessly!
You are too injured to fight recklessly!
You are too injured to fight recklessly!
You closely miss the orc. Your grab misses the orc.
The orc is severely wounded.
The orc wizard gestures at you while chanting.
The puff of flame misses you. You block the orc's attack.
The orc wizard casts a spell.
The orc wizard flickers and vanishes!
Deactivating autopickup; reactivate with Ctrl-A.
The orc closely misses you.
You hit the orc.
You kill the orc!
The orc hits you with a +2 flail of protection.
* * * LOW HITPOINT WARNING * * *
There is a stone staircase leading up here.
The orc hits you with a +2 flail of protection!
You die...

..######## #
.........## .#
./......<.# #.#
..........###$.#
..(............#
...$.....<...o@##.#
........[....##....#
......#####..#####.#
.....................
......####..####......
#..?.###o...##. ##
#...[........#
##..o####...... #$.##
#.....


You could see an orc.

Vanquished Creatures
  Blork the orc (D:3)
  3 adders
  3 oozes
  2 worms (D:2)
  2 dart slugs (D:1)
  3 leopard geckos
  2 orcs (D:4)
  4 giant cockroaches
  9 goblins
  13 hobgoblins
  2 jackals (D:3)
  9 bats
  4 frilled lizards
  10 kobolds
  7 rats
74 creatures vanquished.

Notes
Turn   | Place    | Note
-------+----------+-------------------------------------------
     0 | D:1      | EnegeticOcto the Octopode Fighter began the quest for the
                  | Orb.
     0 | D:1      | Reached XP level 1. HP: 16/16 MP: 1/1
   233 | D:1      | Reached XP level 2. HP: 21/21 MP: 2/2
   475 | D:1      | Reached XP level 3. HP: 26/26 MP: 3/3
   666 | D:1      | Reached skill level 3 in Long Blades
  1055 | D:2      | Reached XP level 4. HP: 28/31 MP: 4/4
  1189 | D:2      | Found a hide-covered altar of Uskayaw.
  1316 | D:2      | Became a worshipper of Uskayaw the Reveler
  1389 | D:2      | Reached * piety under Uskayaw
  1557 | D:2      | Reached ** piety under Uskayaw
  1877 | D:2      | Found a basalt altar of Yredelemnul.
  2151 | D:3      | Reached XP level 5. HP: 28/37 MP: 5/5
  2532 | D:3      | Reached skill level 1 in Invocations
  2910 | D:3      | Noticed Blork the orc
  2923 | D:3      | HP: 1/37 [Blork the orc/puff of frost (9)]
  2924 | D:3      | Killed Blork the orc
  2924 | D:3      | Reached skill level 4 in Long Blades
  3220 | D:3      | Found a shimmering blue altar of Sif Muna.
  3294 | D:3      | Found a faded altar of an unknown god.
  3413 | D:4      | Slain by an orc

Levels and vault maps discovered:
D:1:      dpeg_arrival_round_a, layout_loops_ring
D:2:      layout_loops_ring, lemuel_round_altar, overflow_temple_1_default,
          first_ration
D:3:      layout_basic, tgw_sif, chequers_ecumenical_altar_grove
D:4:      layout_rooms, overflow_temple_1_default, temple_doors_e,
          nicolae_gozag_cash_rules_everything_around_me, uniq_natasha, uniq_ijyb

Skill      XL: |  1  2  3  4  5 |
---------------+----------------+-----
Long Blades    | 3 4 |  4.1
Invocations    | 1 |  1.5
Fighting       | |  3.9
Dodging        | |  3.0
Shields        | |  3.9

Action                   |  1- 3 |  4- 6 || total
-------------------------+-------+-------++-------
Melee: Long sword        |    56 |    76 ||   132
       Constrict         |    19 |    17 ||    36
       Tentacles         |    15 |    13 ||    28
  Use: Scroll            |       |     7 ||     7
 Stab: Sleeping          |     6 |     8 ||    14
       Distracted        |     1 |       ||     1
  Eat: Chunk             |       |     6 ||     6
       Ration            |       |     1 ||     1
Armor: Skin              |     5 |     5 ||    10
Dodge: Dodged            |    24 |    31 ||    55
Block: Kite shield       |    22 |    15 ||    37
       Rpst.: Long sword |     8 |     9 ||    17

Table legend:
 A = Non-vault XP
 B = Vault XP
 C = Vault XP percentage of total XP
 D = Non-vault monster count
 E = Vault monster count
 F = Vault count percentage of total count
                 A         B        C        D         E       F
            +---------+---------+-------+---------+---------+-------
      Total |     191 |     100 |  34.4 |      73 |       1 |   1.4
            +---------+---------+-------+---------+---------+-------
        D:1 |      58 |       0 |   0.0 |      28 |       0 |   0.0
        D:2 |      89 |       0 |   0.0 |      28 |       0 |   0.0
        D:3 |      38 |     100 |  72.5 |      15 |       1 |   6.2
        D:4 |       6 |       0 |   0.0 |       2 |       0 |   0.0
            +---------+---------+-------+---------+---------+-------
